[Event "Live Chess"]
[Site "Chess.com"]
[Date "2023.05.20"]
[Round "-"]
[White "defenderalist"]
[Black "Ra2orLeaf"]
[Result "1-0"]
[WhiteElo "1592"]
[BlackElo "1147"]
[TimeControl "300"]
[EndTime "9:48:41 PDT"]
[Termination "defenderalist won on time"]

1. e4 c5 2. Nf3 Nc6 3. d4 cxd4 4. Nxd4 Qc7 5. Nxc6 Qxc6 6. Nc3 e6 7. Bd3 Bb4 8. Bd2 Ne7 9. O-O O-O 10. a3 Bd6 11. f4 Bc7 12. Kh1 d5 13. exd5 exd5 14. Qh5 h6 15. f5 Be5 16. Ne2 Bxb2 17. c3 d4 18. Rab1 dxc3 19. f6 Ng6 20. Bxh6 c2 21. Rxb2 gxh6 22.
Qxh6 Qxf6 23. Rxf6 Rd8 24. Bxc2 Rd2 25. Bxg6 1-0

[Event "Live Chess"]
[Site "Chess.com"]
[Date "2023.05.20"]
[Round "-"]
[White "SupremeTactician"]
[Black "Jio85"]
[Result "1-0"]
[WhiteElo "2408"]
[BlackElo "2024"]
[TimeControl "300"]
[EndTime "9:48:54 PDT"]
[Termination "SupremeTactician won by resignation"]

1. e4 Nf6 2. e5 Nd5 3. d4 d6 4. Nf3 g6 5. c4 Nb6 6. Nc3 Bg7 7.
Be3 Nc6 8. exd6 cxd6 9. Be2 O-O 10. O-O Bg4 11. b3 Nd7 12. Rc1 f5 13. h3 Bxf3 14.
Bxf3 e5 15. Bd5+ Kh8 16. Bxc6 bxc6 17. dxe5 dxe5 18. f4 e4 19. Na4 Qe7 20. Qe2 Rfd8 21. Rfd1 Bf6 22. Rd2 c5 23. Rcd1 Rac8 24. Nxc5 Nxc5 25.
Rxd8+ Rxd8 26. Rxd8+ Qxd8 27. Bxc5 Bd4+ 28. Bxd4+ Qxd4+ 29. Kh2 Qd3 30. Qb2+ Kg8 31. c5 e3 32. c6 Qd6 33.
Qe5 Qxe5 34. fxe5 e2 35. c7 e1=Q 36. c8=Q+ Kf7 37. Qd7+ Kf8 38. Qd6+ Kf7 39. Qd5+ Ke7 40. Qc5+ Kf7 41. Qxa7+ Ke6 42. Qd4 1-0

[Event "Live Chess"]
[Site "Chess.com"]
[Date "2023.05.20"]
[Round "-"]
[White "JamesWallman"]
[Black "RoaringKnights"]
[Result "0-1"]
[WhiteElo "781"]
[BlackElo "943"]
[TimeControl "300"]
[EndTime "9:49:03 PDT"]
[Termination "RoaringKnights won on time"]

1. e4 c6 2. d4 d5 3. e5 Bf5 4. Nf3 e6 5. Nc3 Bb4 6. Bd2 Nd7 7. Be2 Bxc3 8. Bxc3 Qb6 9. b3 c5 10. O-O cxd4 11. Bxd4 Qb4 12. c3 Qe7 13. h3 Nc5 14.
g4 Bg6 15. h4 h5 16. g5 f6 17. exf6 gxf6 18. gxf6 Nxf6 19. Bb5+ Ncd7 20. Bxd7+ Kxd7 21. Ne5+ Ke8 22. Nxg6 Rg8 23. Qd3 Ne4 24. Qb5+ Qd7 25. Qxd7+ Kxd7 26. Kh1 Rxg6 27. Rg1 Rg4 28. Rxg4 hxg4 29.
Rg1 Rg8 30. f3 Nd6 31. fxg4 Ke7 32. g5 Nf5 33. Bf6+ Kf7 34. Rg4 Rg6 35. h5 Rg8 36. Rb4 Nd6 37. a4 a5 38. Rh4 Nf5 39. Rh3 Ne7 40. h6 Rc8 41. h7 Ng6 42. b4 Rb8 43. bxa5 Rc8 44. Rd3 Rb8 45. Rh3 Rc8 0-1

[Event "Live Chess"]
[Site "Chess.com"]
[Date "2023.05.20"]
[Round "-"]
[White "TheSmoulderingMaster"]
[Black "f4nomore"]
[Result "1-0"]
[WhiteElo "1792"]
[BlackElo "1357"]
[TimeControl "300"]
[EndTime "9:49:04 PDT"]
[Termination "TheSmoulderingMaster won by resignation"]

1. e4 g6 2. d4 Bg7 3. Nc3 d6 4. Nf3 Nf6 5. Bf4 O-O 6. Qd2 Ng4 7. O-O-O e5 8. dxe5 Nxe5 9. Nxe5 Nc6 10. Nxc6 bxc6 11.
e5 Qh4 12. Bg3 Qh5 13. Be2 Bh6 14. Bxh5 Bxd2+ 15. Rxd2 gxh5 16. exd6 cxd6 17. Rxd6 Bg4 18. f3 Be6 19. Ne4 Rfd8 20. Rhd1 Rxd6 21. Rxd6 Rc8 22. Nc5 Bf5 23. Nd7 Bg6 24. Ne5 Kg7 25. Nxg6 hxg6 26. Rd7 a5 27. Ra7 Re8 28. Rxa5 Re2 29. Ra7 Rxg2 30. a4 Rg1+ 31. Kd2 Rf1 32. f4 Rg1 33. a5 Rg2+ 34. Kc3 h4 35. a6 hxg3 36. hxg3 Rxg3+ 37. Kc4 Rg2 38. Kb3 Rg3+ 39. c3 Rf3 40. Rc7 Rxf4 41.
a7 Rf5 42. a8=Q Rb5+ 43. Kc4 Rxb2 44. Qxc6 Rc2 45. Qd6 1-0

[Event "Live Chess"]
[Site "Chess.com"]
[Date "2023.05.20"]
[Round "-"]
[White "jagbama"]
[Black "Greenbecker"]
[Result "1-0"]
[WhiteElo "1121"]
[BlackElo "1662"]
[TimeControl "300"]
[EndTime "9:49:05 PDT"]
[Termination "jagbama won by resignation"]

1. e4 e6 2. Nf3 d5 3. d4 dxe4 4. Ne5 Nd7 5. Bf4 Nxe5 6. Bxe5 Nf6 7. Nc3 Bd6 8. Nxe4 Nxe4 9. Bxg7 Rg8 10. Qg4 Qg5 11.
Qxe4 Rxg7 12. h4 Qd5 13. Qd3 Bd7 14. b3 a6 15. Rh3 Bb5 16. c4 Bb4+ 17. Kd1 Bxc4 18.
bxc4 Qh5+ 19. Be2 Qg6 20. Qxg6 Rxg6 21. Bf3 O-O-O 22. Rb1 Rxd4+ 23. Ke2 Rxc4 24. a3 Bxa3 25. Bxb7+ Kd8 26. Rd3+ Ke7 27. Rxa3 Rxg2 28. Bxg2 Rxh4 29. Rxa6 Rh2 30. Bf3 h5 31. Rc1 Kd8 32. Ra8+ Kd7 33.
Rd1+ Ke7 34. Ra7 Rh4 35. Rxc7+ Kf6 36. Rcd7 Ra4 37. R7d4 Ra2+ 38. R1d2 Ra3 39. Bxh5 e5 40. R4d3 Ra4 41. Rf3+ Kg5 42. Bxf7 e4 43. Rg3+ Kf6 44. Be8 Ke7 45. Bxa4 1-0

[Event "Live Chess"]
[Site "Chess.com"]
[Date "2023.05.20"]
[Round "-"]
[White "jameskwong"]
[Black "Horseymobile"]
[Result "1/2-1/2"]
[WhiteElo "2170"]
[BlackElo "1252"]
[TimeControl "300"]
[EndTime "9:49:06 PDT"]
[Termination "Game drawn by repetition"]

1. e4 c6 2. d4 d5 3. Nc3 dxe4 4.
Nxe4 Bf5 5. Ng3 Bg6 6. Nf3 Nf6 7. h4 h6 8. h5 Bh7 9. Bd3 Bxd3 10. Qxd3 Nbd7 11.
Bf4 e6 12. O-O Qb6 13. c4 O-O-O 14. a3 Qa5 15. b4 Qa4 16. b5 Nb6 17. Ne5 Bc5 18.
Nxf7 Rxd4 19. Qe3 Ng4 20. Qxe6+ Nd7 21. Nxh8 Rxf4 22. Rad1 Bxf2+ 23. Kh1 Bd4 24. Rxf4 Qxd1+ 25. Rf1 Nf2+ 26. Kh2 Ng4+ 27. Kh3 Nf2+ 28. Rxf2 Bxf2 29. bxc6 bxc6 30. Qxc6+ Kd8 31. Qa8+ Ke7 32. Ng6+ Kf7 33. Nf4 Bxg3 34. Kxg3 Qe1+ 35. Kh3 Qe3+ 36. Qf3 Qxf3+ 37.
gxf3 Ne5 38. c5 Nxf3 39. Kg4 Ne5+ 40. Kf5 Nc6 41. Ke4 Ke7 42. Kd5 Kd7 43. Ne6 Ne7+ 44.
Ke5 Nc6+ 45. Kd5 Ne7+ 46. Ke5 Nc6+ 47. Kd5 1/2-1/2

[Event "Live Chess"]
[Site "Chess.com"]
[Date "2023.05.20"]
[Round "-"]
[White "Crowded_House"]
[Black "Conradical12"]
[Result "1-0"]
[WhiteElo "1696"]
[BlackElo "1510"]
[TimeControl "300"]
[EndTime "9:49:08 PDT"]
[Termination "Crowded_House won by resignation"]

1. d4 d5 2. Bg5 f6 3. Bh4 c5 4. c3 e5 5. dxe5 Nc6 6. exf6 Nxf6 7. e3 Bf5 8. Bd3 Bg6 9. Nf3 Bd6 10. O-O O-O 11. Bxg6 hxg6 12. Qc2 Qe8 13. Nbd2 Ne4 14. Nxe4 dxe4 15. Nd2 g5 16. Bg3 Ne5 17. Qxe4 g4 18.
Qd5+ Kh8 19. Qxd6 Nf3+ 20. Nxf3 gxf3 21. gxf3 Rxf3 1-0

[Event "Live Chess"]
[Site "Chess.com"]
[Date "2023.05.20"]
[Round "-"]
[White "CheckString"]
[Black "RedRook90"]
[Result "0-1"]
[WhiteElo "1347"]
[BlackElo "1963"]
[TimeControl "300"]
[EndTime "9:49:12 PDT"]
[Termination "RedRook90 won by checkmate"]

1. e4 c6 2. d4 d5 3. f3 e6 4. e5 c5 5. c3 Nc6 6. Be3 Qb6 7. Qb3 cxd4 8. Qxb6 axb6 9. cxd4 Nb4 10. Kd2 Rxa2 11. Rxa2 Nxa2 12. Nc3 Nxc3 13. bxc3 Ne7 14.
Bd3 Bd7 15. Ne2 Nc6 16. Rb1 Be7 17. Rxb6 Bc8 18. Bb5 Kd7 19. Ba4 Bd8 20. Rb1 Kc7 21.
Nc1 Be7 22. Nb3 Bd7 23. Kd3 Ra8 24. Bxc6 Bxc6 25. f4 Ra3 26. Nd2 Ra2 27. g4 b5 28.
f5 Ra3 29. Kc2 b4 30. Nf3 Rxc3+ 31. Kd2 Bb5 32. Rc1 Rxc1 33. Kxc1 b3 34. Kb2 Bc4 35. Nd2 Kc6 36. g5 Bb4 37. f6 g6 38. Nxb3 Bxb3 39.
Kxb3 Be1 40. Bf4 Kb5 41. h3 Bf2 42. Bc1 Bxd4 43. Bf4 Bf2 44. Kc2 Kc5 45. Kd3 d4 46. Bd2 Kd5 47. Bf4 Bg1 48. Bd2 Kxe5 49. Bb4 Kf5 50.
Bc5 Kxg5 51. Bxd4 Bxd4 52. Kxd4 Kxf6 53. Ke4 e5 54. Ke3 Kf5 55. Ke2 e4 56. Ke3 Ke5 57. h4 f5 58. h5 gxh5 59. Ke2 f4 60. Kf2 h4 61. Ke2 h3 62. Kf2 f3 63. Kg1 Kf4 64.
Kf2 e3+ 65. Kg1 e2 66. Kh2 e1=Q 67. Kxh3 Qh1# 0-1

[Event "Live Chess"]
[Site "Chess.com"]
[Date "2023.05.20"]
[Round "-"]
[White "JackCheetham1"]
[Black "OSmith06"]
[Result "1-0"]
[WhiteElo "1713"]
[BlackElo "1727"]
[TimeControl "300"]
[EndTime "9:49:14 PDT"]
[Termination "JackCheetham1 won by resignation"]

1. e4 a6 2. d4 b6 3. c4 b5 4. Nf3 b4 5. b3 a5 6. Be2 a4 7. Bf4 a3 8. O-O Ra7 9. Nbd2 Ra6 10. Re1 Ra5 11. c5 Ra4 12. d5 Ra5 13. e5 Ra4 14.
c6 1-0

[Event "Live Chess"]
[Site "Chess.com"]
[Date "2023.05.20"]
[Round "-"]
[White "Nazarenko_vital"]
[Black "IanCalvert2"]
[Result "1-0"]
[WhiteElo "1600"]
[BlackElo "1609"]
[TimeControl "300"]
[EndTime "9:49:22 PDT"]
[Termination "Nazarenko_vital won by resignation"]

1. e4 d5 2. exd5 Qxd5 3. Nc3 Qd6 4. d4 Nf6 5. Nf3 c6 6. h3 g6 7. Be2 Bg7 8. Be3 O-O 9. Qd2 Nbd7 10. Bh6 Re8 11.
Bxg7 Kxg7 12. O-O-O e5 13. h4 exd4 14. Nxd4 Qe5 15. h5 Nxh5 16. Bxh5 gxh5 17. Rde1 1-0

[Event "Live Chess"]
[Site "Chess.com"]
[Date "2023.05.20"]
[Round "-"]
[White "nick1993"]
[Black "luckywookie"]
[Result "1-0"]
[WhiteElo "2119"]
[BlackElo "719"]
[TimeControl "300"]
[EndTime "9:49:27 PDT"]
[Termination "nick1993 won by resignation"]

1. e4 c6 2. d4 d5 3. f3 e6 4. c4 c5 5. cxd5 exd5 6. dxc5 Nc6 7. exd5 Qe7+ 8. Qe2 Nd4 9. Qxe7+ Bxe7 10. Bd3 Bxc5 11. Nc3 g6 12. Nge2 Nf5 13. Ne4 Bd4 14. Nxd4 Nxd4 15.
O-O Bf5 16. Nd6+ Kd7 17. Bxf5+ gxf5 18. Nxf7 Nf6 19. Nxh8 Ne2+ 20. Kh1 Rxh8 21. Bd2 Nxd5 22.
Rad1 f4 23. Rfe1 Re8 24. Bc1 Kd6 25. Rd2 Kc6 26. Rdxe2 Rxe2 27. Rxe2 Ne3 28. Bxe3 fxe3 29. Rxe3 Kd5 30. f4 Kd4 31. Re8 Kd3 32. f5 Kc2 33. f6 Kxb2 34. f7 1-0

[Event "Live Chess"]
[Site "Chess.com"]
[Date "2023.05.20"]
[Round "-"]
[White "lamteama1"]
[Black "Singapourfeuj"]
[Result "1-0"]
[WhiteElo "1130"]
[BlackElo "2274"]
[TimeControl "300"]
[EndTime "9:49:29 PDT"]
[Termination "lamteama1 won by checkmate"]

1. e4 e6 2. d3 d5 3. Nd2 Nc6 4.
Ngf3 dxe4 5. dxe4 e5 6. Bb5 Bd6 7. Nc4 f6 8. O-O Bg4 9. Na5 Ne7 10. Nxb7 Qd7 11. h3 Be6 12. Qd3 O-O 13. Rd1 a6 14.
Bc4 Nb4 15. Qb3 Kf7 16. Rxd6 cxd6 17. Bxe6+ Qxe6 18. Nxd6+ Kg6 19. Nh4+ Kh5 20. Qf3+ Kxh4 21. g3+ Kxh3 22. Qh5# 1-0

[Event "Live Chess"]
[Site "Chess.com"]
[Date "2023.05.20"]
[Round "-"]
[White "LodeshChess"]
[Black "Tema1107"]
[Result "0-1"]
[WhiteElo "879"]
[BlackElo "1964"]
[TimeControl "300"]
[EndTime "9:49:30 PDT"]
[Termination "Tema1107 won by resignation"]

1. e4 c5 2. Nf3 d6 3. Bb5+ Bd7 4.
Nc3 Bxb5 5. Nxb5 a6 6. Nc3 Nf6 7. O-O g6 8. d3 Bg7 9. Nd5 Nxd5 10. exd5 O-O 11. c4 Nd7 12. Rb1 b5 13. Be3 Qa5 14. a3 b4 15. Bd2 Qb6 16. axb4 cxb4 17. Qb3 Nc5 18. Qc2 b3 19. Qc3 Bxc3 0-1

[Event "Live Chess"]
[Site "Chess.com"]
[Date "2023.05.20"]
[Round "-"]
[White "NatashaRegan"]
[Black "Ferrarifan27"]
[Result "1-0"]
[WhiteElo "1864"]
[BlackElo "2078"]
[TimeControl "300"]
[EndTime "9:49:31 PDT"]
[Termination "NatashaRegan won by resignation"]

1. c4 Nf6 2. d4 e6 3. Nc3 Bb4 4. Nf3 b6 5. g3 Bb7 6. Bg2 O-O 7. O-O Bxc3 8. bxc3 d6 9. Bg5 h6 10. Bc1 Nbd7 11. a4 a5 12. Rb1 Re8 13. Ba3 Rb8 14. c5 dxc5 15. dxc5 Nxc5 16. Bxc5 bxc5 17. Rb5 Qxd1 18. Rxd1 Bc6 19. Rxa5 Ra8 20. Rxc5 Bxa4 21. Rb1 c6 22. Ne5 Rab8 23. Rxb8 Rxb8 24. Bxc6 Rb1+ 25. Kg2 Bd1 26. Bf3 Rc1 27. Rc8+ Kh7 28. Nxf7 g5 29.
Ne5 h5 30. h3 Kg7 31. c4 Bb3 32. c5 Bd5 33. Bxd5 Nxd5 34. h4 gxh4 35. gxh4 Rc2 36. Kf3 Kf6 37. Nd3 e5 38. e3 Rc4 39. e4 Ne7 40.
Rf8+ Kg7 41. Rf7+ Kxf7 42. Nxe5+ Ke6 43. Nxc4 Nc6 44. Kf4 Kf6 45. e5+ Ke6 46. Ke4 1-0

[Event "Live Chess"]
[Site "Chess.com"]
[Date "2023.05.20"]
[Round "-"]
[White "ACx04"]
[Black "Pandreq"]
[Result "0-1"]
[WhiteElo "433"]
[BlackElo "1257"]
[TimeControl "300"]
[EndTime "9:49:31 PDT"]
[Termination "Pandreq won by checkmate"]

1. e4 Nf6 2. Nc3 Nc6 3. Nf3 d6 4. Bc4 h6 5. h3 e5 6. O-O Qe7 7. d3 Be6 8. g4 Bxc4 9. dxc4 O-O-O 10. Nb5 a6 11. Na7+ Nxa7 12. Be3 Nc6 13. a3 Nxe4 14.
Qd3 Nf6 15. c3 e4 16. Qe2 exf3 17. Qxf3 Ne5 18. Qh1 Nxc4 19. Ba7 Qe4 20. f3 Qe3+ 21. Bxe3 Nxe3 22. Rfe1 Nc2 23. Kg2 Nxa1 24. Rxa1 d5 25. Rc1 Bc5 26. c4 d4 27. b4 Bd6 28. c5 Bf4 29. Rd1 d3 30. Qf1 d2 31. b5 axb5 32.
Qxb5 Nd5 33. Rxd2 Bxd2 34. c6 bxc6 35. Qxc6 Ne3+ 36. Kg3 Nf1+ 37. Kh4 g5+ 38. Kh5 Ng3# 0-1

[Event "Live Chess"]
[Site "Chess.com"]
[Date "2023.05.20"]
[Round "-"]
[White "MartaMost"]
[Black "alexlines8"]
[Result "1-0"]
[WhiteElo "1220"]
[BlackElo "1254"]
[TimeControl "300"]
[EndTime "9:49:38 PDT"]
[Termination "MartaMost won by resignation"]

1. e4 c6 2. Bc4 d5 3. exd5 cxd5 4. Bb5+ Nc6 5. Bxc6+ bxc6 6. Qf3 Nf6 7. c4 e5 8. cxd5 cxd5 9. Qb3 Be6 10. Qc3 Bd6 11. Qc6+ Kf8 12. d3 d4 13. Bg5 Bb4+ 14. Nd2 Rc8 15. Qa6 Rc2 16. Bxf6 Bxd2+ 17. Kd1 Rc1+ 18.
Rxc1 Qxf6 1-0

[Event "Live Chess"]
[Site "Chess.com"]
[Date "2023.05.20"]
[Round "-"]
[White "thrithik"]
[Black "BillW-GrangerIN"]
[Result "1-0"]
[WhiteElo "484"]
[BlackElo "153"]
[TimeControl "300"]
[EndTime "9:49:40 PDT"]
[Termination "thrithik won by resignation"]

1. b4 e5 2. d3 d5 3. Nc3 Nc6 4.
Bd2 Nf6 5. Bf4 Bf5 6. g3 Bxb4 7. d4 Bxc3+ 8. Qd2 Bxa1 9. dxe5 Ne4 10. Qe3 O-O 11.
e6 Qe8 12. exf7+ Qxf7 13. Nf3 Bc3+ 14. Kd1 Nb4 15. Ne5 Qh5 16. Nd7 Rfe8 17. Bxc7 Bxd7 18.
Qc5 Qxe2+ 19. Bxe2 Nxf2+ 20. Qxf2 1-0

[Event "Live Chess"]
[Site "Chess.com"]
[Date "2023.05.20"]
[Round "-"]
[White "MrDodgy"]
[Black "Alan_Richardson"]
[Result "1-0"]
[WhiteElo "2325"]
[BlackElo "1658"]
[TimeControl "300"]
[EndTime "9:49:41 PDT"]
[Termination "MrDodgy won by checkmate"]

1. e4 c5 2. Nf3 Nc6 3. Bb5 Qc7 4. O-O a6 5. Bd3 d6 6. c3 Bg4 7. Be2 Nf6 8. d3 e6 9. Be3 Be7 10. Nbd2 O-O 11. h3 Bh5 12. a4 b6 13. g4 Bg6 14.
Nh2 e5 15. h4 h6 16. h5 Bh7 17. Ndf3 d5 18. exd5 Nxd5 19. Kh1 Rfd8 20. Rg1 e4 21.
Ne1 Nxe3 22. fxe3 Bd6 23. Nf1 exd3 24. Bxd3 Be7 25. Bxh7+ Kxh7 26. Qf3 Bg5 27. Ng3 Ne5 28. Qe4+ Kh8 29. Nf3 Nxf3 30. Qxf3 Rd3 31. Qxa8+ Rd8 32. Qf3 Rd2 33. Rg2 Rd3 34. Nf5 g6 35. hxg6 fxg6 36. Qa8+ Kh7 37. Qe4 Rd7 38. Ng3 Re7 39. Qc4 Rxe3 40.
Rf1 Re7 41. Ne4 Be3 42. Nf6+ Kg7 43. Qg8# 1-0

[Event "Live Chess"]
[Site "Chess.com"]
[Date "2023.05.20"]
[Round "-"]
[White "HD_IN4k"]
[Black "Rusty_Bridges"]
[Result "0-1"]
[WhiteElo "297"]
[BlackElo "1384"]
[TimeControl "300"]
[EndTime "9:49:42 PDT"]
[Termination "Rusty_Bridges won by checkmate"]

1. d4 d5 2. c4 e6 3. Nc3 Bb4 4. Bd2 Nf6 5. cxd5 Nxd5 6. Nxd5 Bxd2+ 7. Qxd2 Qxd5 8. f3 O-O 9. e4 Qd6 10. e5 Qd5 11. Ne2 Nc6 12. Nf4 Qd8 13. g4 Qxd4 14.
Qxd4 Nxd4 15. Bc4 Nc2+ 16. Kf2 Nxa1 17. Rxa1 Bd7 18. Rd1 Bc6 19. g5 Rfd8 20. h4 Rxd1 21. Ke2 Rad8 22. h5 a6 23. h6 gxh6 24. gxh6 Bb5 25.
Nh5 Bxc4+ 26. Ke3 R8d3+ 27. Kf4 Rd4+ 28. Ke3 R1d3+ 29. Ke2 Rd2+ 30. Ke1 Rxb2 31. Nf6+ Kf8 32. Nxh7+ Ke7 33. Nf6 Rh4 34. h7 Rh1# 0-1

[Event "Live Chess"]
[Site "Chess.com"]
[Date "2023.05.20"]
[Round "-"]
[White "cedarsmaster"]
[Black "nigelst"]
[Result "0-1"]
[WhiteElo "1736"]
[BlackElo "1858"]
[TimeControl "300"]
[EndTime "9:49:44 PDT"]
[Termination "nigelst won by checkmate"]

1. e4 c6 2. Nc3 d5 3. d3 e5 4. Nf3 Bg4 5. Be2 Nd7 6. h3 Bxf3 7. Bxf3 Ngf6 8. O-O d4 9. Ne2 Be7 10. g3 O-O 11. Bg2 c5 12. c4 Rb8 13. f4 Ne8 14.
fxe5 Nxe5 15. Nf4 Nc7 16. Kh2 Bf6 17. Nh5 Bg5 18. Bf4 Bxf4 19. gxf4 Ng6 20. Qg4 Qh4 21.
e5 Qxg4 22. hxg4 Nh4 23. Be4 Ng6 24. Kg3 b5 25. b3 bxc4 26. dxc4 Rbd8 27. Bd3 Rde8 28.
Rae1 Na6 29. a3 Rb8 30. Rb1 Rb6 31. Kf3 Rfb8 32. Bc2 d3 33. Bd1 Rd8 34. Ng3 Nc7 35. Nf5 Ne6 36. Ne3 Nd4+ 37. Ke4 Nc2 38. f5 Nh4 39. f6 Rd4# 0-1

[Event "Live Chess"]
[Site "Chess.com"]
[Date "2023.05.20"]
[Round "-"]
[White "Misha145Chess"]
[Black "MaximKhimchenko"]
[Result "0-1"]
[WhiteElo "584"]
[BlackElo "1375"]
[TimeControl "300"]
[EndTime "9:49:44 PDT"]
[Termination "MaximKhimchenko won by checkmate"]

1. d4 e5 2. dxe5 Nc6 3. Nf3 Qe7 4. Bf4 d6 5. Bg5 f6 6. exf6 Nxf6 7. Nc3 Bg4 8. Nd5 Qd7 9. Nxf6+ gxf6 10. Bxf6 Rg8 11.
h3 Be6 12. Nd4 Nxd4 13. Qxd4 Be7 14. Bxe7 Qxe7 15. O-O-O O-O-O 16. Qxa7 Kd7 17. Qa4+ c6 18. b4 Ra8 19. Qxa8 Rxa8 20. g4 Rxa2 21. Rg1 Qf6 22. Kd2 Bb3 23. g5 Qd4+ 24. Ke1 Qc3+ 25. Rd2 Ra1# 0-1

[Event "Live Chess"]
[Site "Chess.com"]
[Date "2023.05.20"]
[Round "-"]
[White "Ian-Morley"]
[Black "Ocelot32"]
[Result "0-1"]
[WhiteElo "1072"]
[BlackElo "1396"]
[TimeControl "300"]
[EndTime "9:50:00 PDT"]
[Termination "Ocelot32 won by resignation"]

1. e4 e6 2. d4 d5 3. e5 c5 4.
c3 Nc6 5. Nf3 Qb6 6. a3 c4 7. Be2 Nge7 8. Nbd2 Ng6 9. b3 cxb3 10.
Nxb3 Be7 11. Nc5 Bxc5 12. dxc5 Qxc5 13. Bb2 Ncxe5 14. Nxe5 Nxe5 15. c4 Nxc4 16. Bxc4 Qxc4 17. Bxg7 Rg8 18. Rc1 Qe4+ 19. Kf1 Bd7 20. f3 Bb5+ 21. Kf2 Qh4+ 22. g3 Qg5 23. Bd4 h5 24. Bxa7 Rxa7 25. Rc8+ Kd7 26. Qc2 Bc6 27. Rxg8 Qxg8 28. Ra1 Qf8 29.
a4 Qb4 30. Rb1 Qd4+ 31. Kg2 Rxa4 32. Qh7 Ra2+ 33. Kh3 Qf6 34. Qxh5 Qg6 35. Qe5 Qxb1 36. Qf6 Qh7+ 37. Kg4 Qg6+ 38. Qxg6 fxg6 39. h4 Rg2 0-1

[Event "Live Chess"]
[Site "Chess.com"]
[Date "2023.05.20"]
[Round "-"]
[White "EdenHazard8"]
[Black "TDCMF"]
[Result "1-0"]
[WhiteElo "2122"]
[BlackElo "340"]
[TimeControl "300"]
[EndTime "9:50:01 PDT"]
[Termination "EdenHazard8 won by checkmate"]

1. e4 e5 2. Qh5 Nc6 3. Bc4 g6 4. Qf3 Nf6 5. Ne2 d6 6. h3 Be6 7. Bxe6 fxe6 8. d3 Bg7 9. Bg5 Rf8 10. Qg3 h6 11. Be3 Nh5 12. Qxg6+ Ke7 13. Qxh5 Nb4 14. Na3 Qd7 15. Bxh6 Bxh6 16. Qxh6 Qc6 17. O-O-O Rxf2 18. Qh4+ Rf6 19. Rhf1 Rf8 20. Rxf6 Rxf6 21. Rf1 Nxa2+ 22.
Kb1 Nb4 23. Qxf6+ Kd7 24. Qf7+ Kd8 25. Qf8+ Qe8 26. Qxe8+ Kxe8 27. g4 Kd7 28. g5 Ke8 29. g6 Kd7 30. g7 Kc6 31. g8=Q d5 32.
Qe8+ Kb6 33. Qb5# 1-0

[Event "Live Chess"]
[Site "Chess.com"]
[Date "2023.05.20"]
[Round "-"]
[White "BostonStrangler"]
[Black "ossie57"]
[Result "1-0"]
[WhiteElo "2017"]
[BlackElo "1829"]
[TimeControl "300"]
[EndTime "9:50:09 PDT"]
[Termination "BostonStrangler won by resignation"]

1. Nf3 Nf6 2. g3 g6 3. Bg2 Bg7 4. O-O d5 5. d4 O-O 6. c4 dxc4 7. Qa4 Bg4 8. Qxc4 c6 9. Nc3 Nbd7 10. h3 Bxf3 11.
Bxf3 e5 12. Rd1 exd4 13. Qxd4 Qe7 14. Bg5 h6 15. Bf4 Nd5 16. Nxd5 cxd5 17. Qxd5 Nb6 18. Qxb7 Qe6 19. Qe4 Bxb2 20. Qxe6 fxe6 21. Rab1 Bg7 22.
Bxa8 Rxa8 1-0

[Event "Live Chess"]
[Site "Chess.com"]
[Date "2023.05.20"]
[Round "-"]
[White "TobyQuaite"]
[Black "LiamBellwood"]
[Result "0-1"]
[WhiteElo "1701"]
[BlackElo "2099"]
[TimeControl "300"]
[EndTime "9:50:13 PDT"]
[Termination "LiamBellwood won by resignation"]

1. e4 e6 2. c4 d5 3. cxd5 exd5 4. Qb3 dxe4 5. Bc4 Qd7 6. d3 Nc6 7. Bb5 exd3 8. Nf3 Bb4+ 9. Kf1 Nge7 10. Bd2 Bxd2 11.
Nbxd2 O-O 12. Ne5 Qd6 13. Nxf7 Rxf7 14. Bc4 Ne5 15. Ne4 Qg6 16. Bxf7+ Nxf7 17. Re1 Bf5 0-1

[Event "Live Chess"]
[Site "Chess.com"]
[Date "2023.05.20"]
[Round "-"]
[White "OceanFloater"]
[Black "GMHarry-youtube"]
[Result "0-1"]
[WhiteElo "984"]
[BlackElo "2177"]
[TimeControl "300"]
[EndTime "9:50:17 PDT"]
[Termination "GMHarry-youtube won by checkmate"]

1. e4 c5 2. Nf3 d6 3. a3 Nf6 4.
Nc3 g6 5. b4 b6 6. bxc5 bxc5 7.
Bb5+ Bd7 8. Bxd7+ Qxd7 9. O-O Bg7 10. d4 O-O 11. dxc5 dxc5 12. Qxd7 Nbxd7 13. Bb2 Nxe4 14. Rfd1 Nb6 15. Nxe4 Bxb2 16. Rab1 Bg7 17. Nxc5 Rac8 18. Nd7 Nxd7 19. Rxd7 Rxc2 20. Rxe7 Rfc8 21. h3 a5 22. Ra7 R2c5 23. Kh2 Be5+ 24. g3 Bf6 25. Rbb7 Rc2 26. Rxf7 Rxf2+ 27. Kg1 Ra2 28. Kf1 Rc1+ 29. Ne1 Bc3 30. Rfe7 Rxe1+ 31. Rxe1 Bxe1 32. Kxe1 Rxa3 33. Kf2 Ra2+ 34. Kf3 a4 35. Ke3 a3 36. Kd3 Rg2 37. Kc4 Rxg3 38. h4 Rg4+ 39. Kb3 Rxh4 40. Kxa3 Rh3+ 41. Kb4 g5 42. Kc4 g4 43. Kd4 g3 44.
Ke3 h5 45. Ra5 h4 46. Rg5+ Kh7 47. Kf3 Kh6 48. Rg4 Kh5 49. Rb4 Rh2 50. Rb5+ Kh6 51. Rb4 g2 52. Kf2 h3 53. Rb3 Rh1 54. Rxh3+ Rxh3 55. Kxg2 Rh5 56. Kg3 Rg5+ 57. Kf4 Kg6 58. Ke4 Rf5 59.
Kd4 Kf6 60. Ke4 Re5+ 61. Kf4 Re8 62. Kf3 Kf5 63. Kg3 Re4 64. Kf3 Re5 65. Kg3 Re3+ 66. Kf2 Kf4 67. Kg2 Re2+ 68. Kh3 Ra2 69. Kh4 Rh2# 0-1

[Event "Live Chess"]
[Site "Chess.com"]
[Date "2023.05.20"]
[Round "-"]
[White "ethanredball"]
[Black "JuperLuper"]
[Result "0-1"]
[WhiteElo "571"]
[BlackElo "1196"]
[TimeControl "300"]
[EndTime "9:50:17 PDT"]
[Termination "JuperLuper won by checkmate"]

1. d4 d5 2. Bf4 c5 3. Nc3 cxd4 4. Qxd4 Nf6 5. Nb5 Na6 6. e3 Bd7 7. Nf3 Bxb5 8. Bxb5+ Nd7 9. Bxd7+ Qxd7 10. b3 e6 11. Qa4 Qxa4 12. bxa4 Rc8 13. Nd4 Bb4+ 14. Kf1 Bc3 15. g3 Bxa1 16. Kg2 O-O 17. Rxa1 Rfe8 18. Rb1 e5 19. Bxe5 Rxe5 20. Rxb7 Rc7 21. Rb5 h6 22. Ra5 Nc5 23. Nb5 Rb7 24. Nxa7 Ne4 25. Nc6 Rf5 26. Ra8+ Kh7 27. Nd4 Rxf2+ 28. Kh3 Rb2 29. g4 Rxa2 30. Nf5 Raxc2 31. Nxg7 Rxh2# 0-1

[Event "Live Chess"]
[Site "Chess.com"]
[Date "2023.05.20"]
[Round "-"]
[White "Delacorta"]
[Black "friarnator"]
[Result "0-1"]
[WhiteElo "1382"]
[BlackElo "1979"]
[TimeControl "300"]
[EndTime "9:50:26 PDT"]
[Termination "friarnator won by resignation"]

1. d4 Nf6 2. Nf3 g6 3. c4 Bg7 4.
Nc3 O-O 5. e3 d6 6. Rb1 Nbd7 7. b3 e5 8. dxe5 dxe5 9. Bb2 c6 10.
Be2 Qc7 11. O-O a5 12. Ba3 Re8 13. Bd6 Qd8 14. c5 e4 15. Nd2 b6 16. Qc2 bxc5 17.
Ncxe4 Nxe4 18. Nxe4 Qb6 19. Bxc5 Nxc5 20. Qxc5 Qxc5 21.
Nxc5 Bf8 22. Na4 Bf5 23. Rbc1 Rac8 24. Nc5 Re5 25. Nd3 Rd5 26. Nf4 Rd2 27. Bf3 c5 28. a4 Rcd8 29. Rfd1 Bc2 30. Rxd2 Rxd2 31. g3 Bxb3 32. Rxc5 Bxc5 0-1

[Event "Live Chess"]
[Site "Chess.com"]
[Date "2023.05.20"]
[Round "-"]
[White "Nico14021974"]
[Black "PureMellowPlan"]
[Result "0-1"]
[WhiteElo "546"]
[BlackElo "621"]
[TimeControl "300"]
[EndTime "9:50:27 PDT"]
[Termination "PureMellowPlan won by checkmate"]

1. e4 e5 2. Nf3 Nc6 3. d3 Nf6 4. g3 d5 5. exd5 Nxd5 6. c4 Nf6 7. Bd2 Bg4 8. Ng1 Bxd1 9. Kxd1 Qd4 10. Bc3 Qxf2 11.
Be1 Qxf1 12. Nd2 Qg2 13. Rc1 Qxh1 14. Rc2 Qxh2 15. Nf1 Qxg1 16. Nh2 Qd4 17. Rc3 Nb4 18. Ke2 Nxa2 19. Bf2 Nxc3+ 20. bxc3 Qxc3 21. Be1 Qc2+ 22. Kf1 Qxh2 23. Bf2 Qxf2+ 24. Kxf2 Bc5+ 25. Kf3 Ke7 26. g4 Rad8 27. Ke2 e4 28. dxe4 Nxe4 29. Kf3 Nf6 30. Ke2 Nxg4 31. Kf3 Rd3+ 32. Kxg4 f5+ 33. Kxf5 g6+ 34.
Kg5 Rf8 35. Kh6 Rg8 36. Kxh7 g5 37. Kxg8 g4 38. Kg7 g3 39. Kg6 g2 40. Kg5 g1=Q+ 41. Kf4 Qe3+ 42. Kf5 Qe6+ 43. Kf4 Rd4+ 44. Kf3 Qf5+ 45.
Ke3 Rd3+ 46. Ke2 Qe4+ 47. Kf1 Rf3+ 48. Kg2 Qg4+ 49. Kh1 Rh3# 0-1